 Dungeon Crawl Stone Soup version 0.23.2-1-ga50397a6bc (webtiles) character file.

Game seed: 16880916638726215669

859 Paidos the Ducker (level 8, -18/63 HPs)
             Began as a Merfolk Ice Elementalist on May 3, 2019.
             Was a Believer of Okawaru.
             Demolished by a two-headed ogre
             ... wielding a +0 giant spiked club
              (30 damage)
             ... on level 6 of the Dungeon.
             The game lasted 00:40:49 (6955 turns).

Paidos the Ducker (Merfolk Ice Elementalist)        Turns: 6955, Time: 00:40:50

Health: -18/63     AC:  6    Str: 10    XL:     8   Next: 2%
Magic:  2/12       EV: 20    Int: 14    God:    Okawaru [**....]
Gold:   326        SH:  2    Dex: 15    Spells: 7/13 levels left

rFire    . . .     SeeInvis .   y - +0 short sword
rCold    . . .     Gourm    .   (no shield)
rNeg     . . .     Faith    .   E - +1 robe {MR+}
rPois    .         Spirit   .   (no helmet)
rElec    .         Reflect  +   n - +2 cloak
rCorr    .         Harm     .   (no gloves)
MR       ++...                  (no boots)
Stlth    ++........             v - +2 amulet of reflection
HPRegen  0.20/turn              f - +4 ring of evasion
MPRegen  0.13/turn              h - ring of protection from magic

@: lethally poisoned (-18 -> -19), about to teleport
A: change form in water, swift swim, stealthy swim
a: Heroism, Renounce Religion


You were on level 6 of the Dungeon.
You worshipped Okawaru.
Okawaru was pleased with you.
You were near starving.

You visited 2 branches of the dungeon, and saw 7 of its levels.

You collected 326 gold pieces.

Inventory:

Hand Weapons
 y - a +0 short sword (weapon)
 B - a +0 flail
 D - a +0 whip
Missiles
 j - 123 arrows
Armour
 a - a +0 robe
 k - a +1 helmet
 m - a +0 leather armour
 n - a +2 cloak (worn)
 E - a +1 robe of magic resistance (worn)
Jewellery
 f - a +4 ring of evasion (left hand)
 h - a ring of protection from magic (right hand)
 l - an uncursed ring of protection from fire {unknown}
 v - a +2 amulet of reflection (around neck)
Wands
 q - a wand of clouds (5)
 x - a wand of polymorph (4)
Scrolls
 e - 3 scrolls of teleportation
 g - a scroll of noise {unknown}
 o - a scroll of blinking {unknown}
 u - a scroll of enchant armour {unknown}
 w - 3 scrolls of remove curse {unknown}
 A - a scroll of amnesia {unknown}
 C - 3 scrolls of identify
 F - a scroll of immolation {unknown}
 G - a scroll of fear {unknown}
Potions
 b - a potion of resistance
 d - a potion of magic
 i - a potion of heal wounds {unknown}
 p - a potion of flight
 r - a potion of brilliance {unknown}
 s - 2 potions of invisibility
 t - a potion of ambrosia {unknown}
 z - a potion of berserk rage {unknown}
Comestibles
 c - 9 rations


   Skills:
 + Level 5.4 Fighting
 + Level 6.6 Dodging
 - Level 2.1 Stealth
 - Level 3.3 Spellcasting
 - Level 1.0 Conjurations
 + Level 5.7 Ice Magic


You had 7 spell levels left.
You knew the following spells:

 Your Spells              Type           Power        Failure   Level  Hunger
a - Freeze                Ice            ###.         1%          1    #......
b - Throw Frost           Conj/Ice       ##....       8%          2    ##.....
c - Ozocubu's Armour      Chrm/Ice       ##......     19%         3    ###....

Your spell library contained the following spells:

 Spells                   Type           Power        Failure   Level  Hunger
 Shock                    Conj/Air       #...         17%         1    #......
 Confusing Touch          Hex            #.....       22%         1    #......
 Swiftness                Chrm/Air       #.......     32%         2    ##.....
 Static Discharge         Conj/Air       #.......     45%         3    ###....
 Throw Icicle             Conj/Ice       ##......     45%         4    #####..
 Confuse                  Hex            #.......     54%         3    ###....
 Gell's Gravitas          Tloc           #.........   54%         3    ###....
 Summon Ice Beast         Ice/Summ       ##......     54%         4    #####..
 Metabolic Englaciation   Hex/Ice        ##........   87%         5    ######.
 Airstrike                Air            #.........   91%         4    #####..
 Petrify                  Tmut/Erth      #.......     91%         4    #####..
 Lightning Bolt           Conj/Air       #.........   99%         5    ######.
 Yara's Violent Unravell  Hex/Tmut       #.........   99%         5    ######.


Dungeon Overview and Level Annotations

Branches:
Dungeon (6/15)             Temple (1/1) D:4

Altars:
Cheibriados
Dithmenos
Elyvilon
Fedhas
Gozag
Hepliaklqana
Kikubaaqudgha
Makhleb
Nemelex Xobeh
Okawaru
Qazlal
Ru
Sif Muna
Trog
Uskayaw
Vehumet
Wu Jian
Xom
Yredelemnul
Zin
The Shining One


Message History

Casting: Freeze (safe; 1% risk of failure)
Confirm with . or Enter, or press ? or * to list all spells.
You don't have enough magic to cast that spell.
Unknown command.
Casting: Freeze (safe; 1% risk of failure)
Confirm with . or Enter, or press ? or * to list all spells.
You don't have enough magic to cast that spell.
Your magical contamination has completely faded away.
You see here a hunting sling.
The two-headed ogre barely misses you. The two-headed ogre misses you.
The worker ant bites you.
* * * LOW HITPOINT WARNING * * *
You are poisoned.
The worker ant poisons you!
You feel sick.
As you read the scroll of teleportation, it crumbles to dust.
You feel strangely unstable.
You feel sick. The worker ant completely misses you.
The two-headed ogre hits you with a +0 giant spiked club!!
You die...

...................!...
#....$>...............
.#............####...
#...................
#..#........##..####
#####..).........#..#
.....%.w............#
#######aO#.##.#.##.##
#...@.#....#.# .#
#.#...#.##.#.# #
#.......#<.#.#
###........#.#
#...........
.......###... ##.....#
..... +...... ....
#..... ##.


You could see a two-headed ogre, a worm and a worker ant.

Vanquished Creatures
  The ghost of Kobolds4U the Carver, an amateur MiFi of Hepliaklqana (D:5)
  A centaur (D:5)
  A big kobold (D:5)
  A scorpion (D:5)
  A water moccasin skeleton (D:6)
  A crimson imp (D:5)
  2 orc wizards (D:5)
  2 orc priests
  A worker ant (D:5)
  A worker ant zombie (D:5)
  10 adders
  A shadow imp (D:5)
  3 worms
  2 dart slugs (D:2)
  A leopard gecko (D:1)
  8 orcs
  A giant cockroach (D:4)
  4 goblins
  3 hobgoblins
  4 ball pythons
  4 bats
  6 frilled lizards
  8 kobolds
  6 rats
  A plant (D:2)
74 creatures vanquished.

Vanquished Creatures (others)
  A sky beast (D:5)
  A ball python (D:4)
2 creatures vanquished.

Grand Total: 76 creatures vanquished

Notes
Turn   | Place    | Note
-------+----------+-------------------------------------------
     0 | D:1      | Paidos the Merfolk Ice Elementalist began the quest for the
                  | Orb.
     0 | D:1      | Reached XP level 1. HP: 13/13 MP: 3/3
   398 | D:1      | Reached skill level 1 in Fighting
   398 | D:1      | Reached XP level 2. HP: 21/21 MP: 0/5
   537 | D:1      | Learned a level 2 spell: Throw Frost
   664 | D:1      | Reached skill level 3 in Dodging
   834 | D:2      | Reached XP level 3. HP: 24/26 MP: 2/6
  1018 | D:2      | Learned a level 3 spell: Ozocubu's Armour
  1462 | D:3      | Found a sacrificial altar of Ru.
  1855 | D:3      | Found a faded altar of an unknown god.
  1869 | D:3      | Reached XP level 4. HP: 24/33 MP: 1/7
  2468 | D:2      | Reached skill level 1 in Conjurations
  2611 | D:2      | Found an opulent altar of Gozag.
  2665 | D:2      | Found a hazy altar of Hepliaklqana.
  3432 | D:4      | Found a radiant altar of Vehumet.
  3513 | D:4      | Found a runed translucent door.
  3514 | D:4      | Noticed Kobolds4U's ghost (amateur MiFi)
  3534 | D:5      | Entered Level 5 of the Dungeon
  3630 | D:5      | Reached skill level 4 in Dodging
  3630 | D:5      | Reached XP level 5. HP: 38/41 MP: 4/8
  3645 | D:4      | Found a stormy altar of Qazlal.
  3994 | D:4      | Found a staircase to the Ecumenical Temple.
  4507 | Temple   | Entered the Ecumenical Temple
  4916 | Temple   | Became a worshipper of Warmaster Okawaru
  5005 | D:5      | Reached XP level 6. HP: 23/47 MP: 0/10
  5418 | D:5      | Noticed a sky beast
  5537 | D:5      | Killed a sky beast
  5537 | D:5      | Reached skill level 5 in Dodging
  5732 | D:5      | Reached XP level 7. HP: 30/55 MP: 5/11
  6121 | D:5      | Killed Kobolds4U's ghost
  6121 | D:5      | Reached * piety under Okawaru
  6121 | D:5      | Reached skill level 5 in Fighting
  6121 | D:5      | Reached skill level 6 in Dodging
  6121 | D:5      | Reached skill level 5 in Ice Magic
  6915 | D:6      | Reached ** piety under Okawaru
  6915 | D:6      | Reached XP level 8. HP: 58/63 MP: 12/12
  6918 | D:6      | Noticed a two-headed ogre
  6955 | D:6      | Demolished by a two-headed ogre

Skill      XL: |  1  2  3  4  5  6  7 |
---------------+----------------------+-----
Fighting       | 1 2 3 4 5 |  5.4
Dodging        | 3 4 5 6 |  6.6
Ice Magic      | 4 5 |  5.7
Conjurations   | 1 |  1.0
Spellcasting   | 3 |  3.3
Stealth        | |  2.1

Action                   |  1- 3 |  4- 6 |  7- 9 || total
-------------------------+-------+-------+-------++-------
Melee: Dagger            |    15 |    53 |       ||    68
       Tailslap          |     2 |    12 |       ||    14
       Short sword       |       |   149 |    36 ||   185
 Cast: Freeze            |    46 |    88 |    45 ||   179
       Ozocubu's Armour  |     2 |     7 |     2 ||    11
       Throw Frost       |       |     6 |     5 ||    11
  Use: Scroll            |     6 |     2 |     1 ||     9
       Potion            |       |     1 |       ||     1
  Eat: Chunk             |     4 |    10 |     4 ||    18
       Ration            |       |     1 |       ||     1
Armor: Robe              |     6 |    32 |     6 ||    44
Dodge: Dodged            |    43 |   160 |    76 ||   279
Block: Other             |     1 |    13 |     4 ||    18
       Reflection        |       |     2 |       ||     2
